3L
ATHLETIC CLUB KC @ PITTSBURGH KINGFISHERS
06/09/2041
 
TOP OF THE 1ST
Athletic Club KC batting - Pitching for Pittsburgh Kingfishers : RHP Nam-shik Kwak
Pitching: RHP Nam-shik Kwak
Batting: RHB Joe Aller 0-0: Swinging Strike
0-1: Swinging Strike
0-2: Ball
1-2: Ground out 5-3 (Groundball, 56, EV 100.0 MPH)
Batting: LHB Salvador Ramírez 0-0: Swinging Strike
0-1: Foul Ball, location: 2F
0-2: Strikes out swinging
Batting: LHB Miguel Fernández 0-0: Ball
1-0: Swinging Strike
1-1: Foul Ball, location: 2F
1-2: Strikes out looking
Top of the 1st over - 0 runs, 0 hits, 0 errors, 0 left on base; Athletic Club KC 0 - Pittsburgh 0
BOTTOM OF THE 1ST
Pittsburgh Kingfishers batting - Pitching for Athletic Club KC : RHP Nebosja Draskovic
Pitching: RHP Nebosja Draskovic
Batting: SHB Yeow-whye Zhu 0-0: Foul Ball, location: 2F
0-1: Ball
1-1: Ball
2-1: Ball
3-1: Base on Balls
Batting: RHB Loring Rommel 0-0: Called Strike
0-1: Ball
1-1: Swinging Strike
1-2: Ball
2-2: Strikes out looking
Batting: SHB Gerrie Bond 0-0: Swinging Strike
0-1: Fly out, F8 (Flyball, 89D, EV 90.0 MPH)
Batting: RHB Krystof Melichar 0-0: Foul Ball, location: 2F
0-1: Fielders Choice at 2nd, 6-4 (Groundball, 6, EV 91.9 MPH)
Bottom of the 1st over - 0 runs, 0 hits, 0 errors, 1 left on base; Athletic Club KC 0 - Pittsburgh 0
TOP OF THE 2ND
Athletic Club KC batting - Pitching for Pittsburgh Kingfishers : RHP Nam-shik Kwak
Batting: LHB Glen Allen Mixon 0-0: Foul Ball, location: 2F
0-1: Ball
1-1: Fly out, F5 (Popup, 56S, EV 78.1 MPH)
Batting: RHB Guy Toussaint 0-0: Ball
1-0: Ball
2-0: Ground out 6-3 (Groundball, 6, EV 83.1 MPH)
Batting: LHB Oriol Fernández 0-0: Fly out, F8 (Flyball, 8RD, EV 98.1 MPH)
Top of the 2nd over - 0 runs, 0 hits, 0 errors, 0 left on base; Athletic Club KC 0 - Pittsburgh 0
BOTTOM OF THE 2ND
Pittsburgh Kingfishers batting - Pitching for Athletic Club KC : RHP Nebosja Draskovic
Batting: LHB Rafael Abasto 0-0: Called Strike
0-1: Foul Ball, location: 2F
0-2: Fly out, F9 (Flyball, 9S, EV 81.2 MPH)
Batting: RHB Kjartan Einarsson 0-0: Ball
1-0: SINGLE (Line Drive, 89S, EV 93.8 MPH)
Batting: RHB Adam Smith 0-0: Ball
Kjartan Einarsson is caught stealing 2nd base 2-4
1-0: Called Strike
1-1: Ball
2-1: SINGLE (Groundball, 6M, EV 99.4 MPH)
Batting: RHB Junior Young 0-0: Ball
1-0: Called Strike
1-1: DOUBLE (Line Drive, 78XD, EV 108.8 MPH)
Adam Smith to third
Batting: RHB Jon Huband 0-0: Ball
1-0: Called Strike
1-1: Ball
2-1: Called Strike
2-2: Strikes out swinging
Bottom of the 2nd over - 0 runs, 3 hits, 0 errors, 2 left on base; Athletic Club KC 0 - Pittsburgh 0
TOP OF THE 3RD
Athletic Club KC batting - Pitching for Pittsburgh Kingfishers : RHP Nam-shik Kwak
Batting: RHB Kalikiano Keiki 0-0: Called Strike
0-1: Ball
1-1: Ball
2-1: Swinging Strike
2-2: Strikes out swinging
Batting: RHB Shou-xin Quian 0-0: Called Strike
0-1: Foul Ball, location: 2F
0-2: Fly out, F7 (Flyball, 7S, EV 92.5 MPH)
Batting: RHB Wade Tazewell 0-0: Swinging Strike
0-1: Swinging Strike
0-2: Ball
1-2: Ball
2-2: Ground out 4-3 (Groundball, 4, EV 105.6 MPH)
Top of the 3rd over - 0 runs, 0 hits, 0 errors, 0 left on base; Athletic Club KC 0 - Pittsburgh 0
BOTTOM OF THE 3RD
Pittsburgh Kingfishers batting - Pitching for Athletic Club KC : RHP Nebosja Draskovic
Batting: SHB Yeow-whye Zhu 0-0: Called Strike
0-1: Called Strike
0-2: Strikes out looking
Batting: RHB Loring Rommel 0-0: Foul Ball, location: 2F
0-1: Ground out 5-3 (Groundball, 56S, EV 80.6 MPH)
Batting: SHB Gerrie Bond 0-0: SINGLE (Groundball, 6MD, EV 102.5 MPH)
Batting: RHB Krystof Melichar 0-0: Called Strike
0-1: Fly out, F8 (Flyball, 8LM, EV 90.6 MPH)
Bottom of the 3rd over - 0 runs, 1 hit, 0 errors, 1 left on base; Athletic Club KC 0 - Pittsburgh 0
TOP OF THE 4TH
Athletic Club KC batting - Pitching for Pittsburgh Kingfishers : RHP Nam-shik Kwak
Batting: RHB Joe Aller 0-0: Ball
1-0: Foul Ball, location: 2F
1-1: Called Strike
1-2: Fly out, F5 (Popup, 5SF, EV 81.9 MPH)
Batting: LHB Salvador Ramírez 0-0: SINGLE (Flyball, 7S, EV 95.0 MPH)
Batting: LHB Miguel Fernández 0-0: Called Strike
0-1: Ball
1-1: Grounds into double play, 6-4-3 (Groundball, 6, EV 90.0 MPH)
Top of the 4th over - 0 runs, 1 hit, 0 errors, 0 left on base; Athletic Club KC 0 - Pittsburgh 0
BOTTOM OF THE 4TH
Pittsburgh Kingfishers batting - Pitching for Athletic Club KC : RHP Nebosja Draskovic
Batting: LHB Rafael Abasto 0-0: Called Strike
0-1: Foul Ball, location: 2F
0-2: Ball
1-2: Ball
2-2: Strikes out swinging
Batting: RHB Kjartan Einarsson 0-0: Called Strike
0-1: Ball
1-1: Called Strike
1-2: Ball
2-2: Foul Ball, location: 2F
2-2: Ball
3-2: Foul Ball, location: 2F
3-2: Base on Balls
Batting: RHB Adam Smith 0-0: Ball
1-0: Grounds into double play, 5-4-3 (Groundball, 56, EV 80.6 MPH)
Bottom of the 4th over - 0 runs, 0 hits, 0 errors, 0 left on base; Athletic Club KC 0 - Pittsburgh 0
TOP OF THE 5TH
Athletic Club KC batting - Pitching for Pittsburgh Kingfishers : RHP Nam-shik Kwak
Batting: LHB Glen Allen Mixon 0-0: Foul Ball, location: 2F
0-1: Called Strike
0-2: Ball
1-2: Strikes out swinging
Batting: RHB Guy Toussaint 0-0: Ball
1-0: SINGLE (Line Drive, 4M, EV 98.8 MPH)
Batting: LHB Oriol Fernández 0-0: Called Strike
0-1: Ball
1-1: Ball
2-1: Called Strike
2-2: Strikes out swinging
Batting: RHB Kalikiano Keiki 0-0: Called Strike
0-1: Fly out, F9 (Line Drive, 9LM, EV 97.5 MPH)
Top of the 5th over - 0 runs, 1 hit, 0 errors, 1 left on base; Athletic Club KC 0 - Pittsburgh 0
BOTTOM OF THE 5TH
Pittsburgh Kingfishers batting - Pitching for Athletic Club KC : RHP Nebosja Draskovic
Batting: RHB Junior Young 0-0: Ball
1-0: Fly out, F8 (Flyball, 8RM, EV 81.2 MPH)
Batting: RHB Jon Huband 0-0: Ball
1-0: Ball
2-0: Bunt for hit to 15 - play at first, batter OUT! 1-3
Batting: SHB Yeow-whye Zhu 0-0: Ball
1-0: Called Strike
1-1: Foul Ball, location: 2F
1-2: Foul Ball, location: 2F
1-2: Ball
2-2: Ball
3-2: Base on Balls
Batting: RHB Loring Rommel 0-0: Ball
1-0: Swinging Strike
1-1: Foul Ball, location: 2F
1-2: Ball
2-2: Foul Ball, location: 2F
2-2: Foul Ball, location: 2F
2-2: Foul Ball, location: 2F
2-2: Ball
3-2: Foul Ball, location: 2F
3-2: Foul Ball, location: 2F
3-2: SINGLE (Line Drive, 9S, EV 103.8 MPH)
Yeow-whye Zhu to second
Yeow-whye Zhu to third
Batting: SHB Gerrie Bond 0-0: Ball
1-0: SINGLE (Groundball, 34S, EV 76.9 MPH) (infield hit)
Yeow-whye Zhu scores
Loring Rommel to second
Batting: RHB Krystof Melichar 0-0: Ball
1-0: Ball
2-0: Ground out 1-3 (Groundball, 13, EV 69.4 MPH)
Bottom of the 5th over - 1 run, 2 hits, 0 errors, 2 left on base; Athletic Club KC 0 - Pittsburgh 1
TOP OF THE 6TH
Athletic Club KC batting - Pitching for Pittsburgh Kingfishers : RHP Nam-shik Kwak
Batting: RHB Shou-xin Quian 0-0: Called Strike
0-1: Ball
1-1: Called Strike
1-2: Foul Ball, location: 2F
1-2: Ball
2-2: Strikes out swinging
Batting: RHB Wade Tazewell 0-0: Ball
1-0: Foul Ball, location: 2F
1-1: Swinging Strike
1-2: Ball
2-2: Strikes out swinging
Batting: RHB Joe Aller 0-0: Ball
1-0: Called Strike
1-1: Ground out 4-3 (Groundball, 4, EV 88.1 MPH)
Top of the 6th over - 0 runs, 0 hits, 0 errors, 0 left on base; Athletic Club KC 0 - Pittsburgh 1
BOTTOM OF THE 6TH
Pittsburgh Kingfishers batting - Pitching for Athletic Club KC : RHP Nebosja Draskovic
Batting: LHB Rafael Abasto 0-0: Called Strike
0-1: Swinging Strike
0-2: Ball
1-2: Foul Ball, location: 2F
1-2: Strikes out looking
Batting: RHB Kjartan Einarsson 0-0: Ball
1-0: Ball
2-0: Called Strike
2-1: Ball
3-1: Foul Ball, location: 2F
3-2: Foul Ball, location: 2F
3-2: Base on Balls
Pitching: RHP Javier Mejía
Batting: RHB Adam Smith 0-0: Ball
1-0: Foul Ball, location: 2F
1-1: Foul Ball, location: 2F
1-2: Ball
2-2: Reached on error, E3 (Groundball, 3, EV 93.1 MPH)
Kjartan Einarsson to second
Batting: RHB Junior Young 0-0: Called Strike
0-1: Ball
Passed Ball!
Kjartan Einarsson to third
Adam Smith to second
1-1: Foul Ball, location: 2F
1-2: Ball
2-2: Strikes out swinging
Batting: RHB Jon Huband 0-0: Ground out 5-3 (Groundball, 56S, EV 89.4 MPH)
Bottom of the 6th over - 0 runs, 0 hits, 1 error, 2 left on base; Athletic Club KC 0 - Pittsburgh 1
TOP OF THE 7TH
Athletic Club KC batting - Pitching for Pittsburgh Kingfishers : RHP Nam-shik Kwak
Batting: LHB Salvador Ramírez 0-0: Ball
1-0: Called Strike
1-1: Ground out 6-3 (Groundball, 6M, EV 83.8 MPH)
Batting: LHB Miguel Fernández 0-0: Ball
1-0: Ball
2-0: Called Strike
2-1: Fly out, F8 (Flyball, 8RD, EV 105.0 MPH)
Batting: LHB Glen Allen Mixon 0-0: Ball
1-0: Called Strike
1-1: Swinging Strike
1-2: Ball
2-2: Foul Ball, location: 2F
2-2: Strikes out looking
Top of the 7th over - 0 runs, 0 hits, 0 errors, 0 left on base; Athletic Club KC 0 - Pittsburgh 1
BOTTOM OF THE 7TH
Pittsburgh Kingfishers batting - Pitching for Athletic Club KC : RHP Javier Mejía
Batting: SHB Yeow-whye Zhu 0-0: Foul Ball, location: 2F
0-1: Fly out, F9 (Flyball, 89D, EV 96.9 MPH)
Batting: RHB Loring Rommel 0-0: Ball
1-0: Called Strike
1-1: Hit by Pitch
Batting: SHB Gerrie Bond 0-0: Ball
1-0: Called Strike
1-1: Ball
2-1: Swinging Strike
2-2: Fly out, F5 (Popup, 56S, EV 69.4 MPH)
Batting: RHB Krystof Melichar 0-0: Ball
1-0: Called Strike
1-1: Ball
Loring Rommel steals 2nd base (no throw)
2-1: Ground out 5-3 (Groundball, 5, EV 77.5 MPH)
Bottom of the 7th over - 0 runs, 0 hits, 0 errors, 1 left on base; Athletic Club KC 0 - Pittsburgh 1
TOP OF THE 8TH
Athletic Club KC batting - Pitching for Pittsburgh Kingfishers : RHP Nam-shik Kwak
Now in LF: Royce Foster
Batting: RHB Guy Toussaint 0-0: Foul Ball, location: 2F
0-1: Ground out 6-3 (Groundball, 56S, EV 85.6 MPH)
Batting: LHB Oriol Fernández 0-0: Ball
1-0: Called Strike
1-1: Swinging Strike
1-2: Foul Ball, location: 2F
1-2: Ball
2-2: Foul Ball, location: 2F
2-2: Strikes out swinging
Batting: RHB Kalikiano Keiki 0-0: Ball
1-0: Ground out 4-3 (Groundball, 4M, EV 106.9 MPH)
Top of the 8th over - 0 runs, 0 hits, 0 errors, 0 left on base; Athletic Club KC 0 - Pittsburgh 1
BOTTOM OF THE 8TH
Pittsburgh Kingfishers batting - Pitching for Athletic Club KC : RHP Javier Mejía
Pitching: LHP Indigo Diaz
Batting: LHB Rafael Abasto 0-0: Called Strike
0-1: Fly out, F9 (Line Drive, 9D, EV 99.4 MPH)
Batting: RHB Kjartan Einarsson 0-0: Ball
1-0: Called Strike
1-1: Ball
2-1: SOLO HOME RUN (Line Drive, 9LD, EV 99.4 MPH), Distance : 342 ft
Batting: RHB Adam Smith 0-0: Called Strike
0-1: Called Strike
0-2: Foul Ball, location: 2F
0-2: Ball
1-2: Strikes out swinging
Batting: RHB Junior Young 0-0: Ball
1-0: Called Strike
1-1: Ball
2-1: Fly out, F9 (Flyball, 9LMF, EV 95.6 MPH)
Bottom of the 8th over - 1 run, 1 hit, 0 errors, 0 left on base; Athletic Club KC 0 - Pittsburgh 2
TOP OF THE 9TH
Athletic Club KC batting - Pitching for Pittsburgh Kingfishers : RHP Nam-shik Kwak
Batting: RHB Shou-xin Quian 0-0: Called Strike
0-1: Called Strike
0-2: Foul Ball, location: 2F
0-2: Strikes out swinging
Pitching: LHP Jeffery Meyers
Batting: RHB Wade Tazewell 0-0: Ball
1-0: Ball
2-0: Swinging Strike
2-1: Swinging Strike
2-2: Strikes out swinging
Batting: RHB Joe Aller 0-0: Ground out U3 (Groundball, 34, EV 103.8 MPH)
Top of the 9th over - 0 runs, 0 hits, 0 errors, 0 left on base; Athletic Club KC 0 - Pittsburgh 2
Tuesday, January 5th, 2021 - OOTP Baseball 20.8 Build 74